 Dungeon Crawl Stone Soup version 0.29-a0-1023-g6ae1a4a2c7 (webtiles) character file.

Game seed: 8656961379309723514

59 BritishOli the Slasher (level 3, 0/28 HPs)
             Began as a Demonspawn Gladiator on Aug 11, 2022.
             Slain by an orc
             ... wielding a +0 war axe
              (4 damage)
             ... on level 3 of the Dungeon.
             The game lasted 00:01:53 (2639 turns).

BritishOli the Slasher (Demonspawn Gladiator)       Turns: 2639, Time: 00:01:54

Health: 0/28       AC:  4    Str: 16    XL:     3   Next: 78%
Magic:  3/3        EV: 17    Int:  9    God:
Gold:   69         SH:  0    Dex: 14    Spells: 2/2 levels left

rFire   . . .      SeeInvis .   a - +0 long sword
rCold   . . .      Faith    .   (no shield)
rNeg    . . .      Spirit   .   b - +0 leather armour
rPois   .          Reflect  .   c - +0 helmet
rElec   .          Harm     .   (no cloak)
rCorr   .          Rampage  .   (no gloves)
Will    .....                   (no boots)
Stlth   +.........              (no amulet)
HPRegen 0.09/turn               (no ring)
MPRegen 0.08/turn               (no ring)

@: agile
A: powered by pain 1
a: no special abilities


You were on level 3 of the Dungeon.
You visited 1 branch of the dungeon, and saw 3 of its levels.

You collected 69 gold pieces.

Inventory:

Hand Weapons
 a - a +0 long sword (weapon)
Missiles
 d - 3 throwing nets (quivered)
 e - a javelin
Armour
 b - a +0 leather armour (worn)
 c - a +0 helmet (worn)
Jewellery
 f - a ring of ice
 p - a ring of see invisible
 r - a +6 ring of strength
 t - a ring of protection from fire
Scrolls
 g - a scroll of amnesia {unknown}
 h - a scroll of enchant armour {unknown}
 i - a scroll of noise {unknown}
 k - 3 scrolls of torment {unknown}
 m - a scroll of identify {unknown}
 n - 3 scrolls of teleportation {unknown}
 s - a scroll of fear {unknown}
Potions
 j - a potion of haste {unknown}
 l - a potion of heal wounds {unknown}
 o - 3 potions of flight {unknown}
 q - a potion of curing


   Skills:
 * Level 2.9 Fighting
 + Level 3.1 Long Blades
 - Level 2.0 Throwing
 + Level 0.9 Armour
 + Level 3.1 Dodging


You had 2 spell levels left.
You didn't know any spells.
Your spell library was empty.

Dungeon Overview and Level Annotations

Branches:
Dungeon (3/15)

Altars:

Shops:
D:3 =


Innate Abilities, Weirdness & Mutations

You sometimes gain a little power by taking damage.


Message History

An orc comes into view. It is wielding a +0 war axe.
The orc shouts! x2
An orc comes into view. It is wielding a +0 war axe.
An orc comes into view. It is wielding a +0 club.
The orc shouts! x2
You hit the orc.
The orc is moderately wounded.
You hit the orc.
The orc is severely wounded.
The orc hits you with a +0 war axe. The orc hits you with a +0 whip.
You slash the orc!
You kill the orc!
The orc hits you with a +0 war axe!
You focus on the pain.
You feel agile all of a sudden.
You barely miss the orc.
The orc is severely wounded.
You slash the orc!
You kill the orc!
You hit the orc but do no damage.
The orc is severely wounded.
The orc hits you with a +0 war axe.
You are too injured to fight recklessly!
You are too injured to fight recklessly!
You are too injured to fight recklessly!
You hit the orc.
The orc is almost dead.
The orc misses you.
You barely miss the orc.
The orc is almost dead.
The orc barely misses you. The orc misses you.
You hit the orc.
You kill the orc!
You closely miss the orc. The orc hits you with a +0 war axe.
You closely miss the orc. The orc barely misses you.
The orc hits you with a +0 war axe.
* * * LOW HITPOINT WARNING * * *
You hit the orc.
The orc is almost dead.
The orc hits you with a +0 war axe.
You die...

#...#.# #.# #...#.# #.#.
....... +.....# #.#.##
....... #...#####.#..
....... #...#.....#.#
......# #...#.#.#.#.#
....... #...#.#.#...#
.......
+.......##..###.......
#............@o.......
...............###.......
#####..........# .......
#..........# .##.###
#.####.....# .# .. #.
#.##+## .. .# .. .... .#
. ....# .# ....


You could see an orc.

Vanquished Creatures
  An adder (D:2)
  A worm (D:2)
  2 dart slugs
  3 orcs (D:3)
  2 ball pythons
  A bat (D:2)
  5 endoplasms
  3 goblins
  3 hobgoblins
  3 jackals (D:2)
  3 quokkas
  4 frilled lizards
  3 kobolds (D:2)
  2 rats
36 creatures vanquished.

Notes
Turn   | Place    | Note
-------+----------+-------------------------------------------
     0 | D:1      | BritishOli the Demonspawn Gladiator began the quest for the
                  | Orb.
     0 | D:1      | Reached XP level 1. HP: 16/16 MP: 1/1
   465 | D:1      | Gained mutation: You sometimes gain a little power by
                  | taking damage. [demonic ancestry]
   465 | D:1      | Reached XP level 2. HP: 22/22 MP: 2/2
   737 | D:1      | Found a faded altar of an unknown god.
  1598 | D:2      | Reached XP level 3. HP: 11/28 MP: 3/3
  2537 | D:3      | Found Gus Ycac's Jewellery Emporium.
  2639 | D:3      | Slain by an orc

Illustrated notes

Levels and vault maps discovered:
D:1:      minmay_arrival_open_corners, layout_loops_ring,
          dreamdust_ecumenical_altar_angels_and_demons, reono_crystal_passage,
          minmay_misc_feat_columns
D:2:      layout_basic, serial_co_window_serial, co_window_corner_a,
          co_window_cross_1, co_window_paths_a, co_window_paths_a,
          co_window_paths_a, co_window_broadway_b, co_window_broadway_b,
          co_window_of_opportunity_b, co_window_corner_b, co_window_corner_b,
          co_window_cross_3, co_window_4corner_b, glass_columns_b,
          glass_columns_c, glass_columns_b
D:3:      layout_basic, grunt_dithmenos_smoke, serial_shops, shop,
          nicolae_concentric_dashed_squares_mild

Skill      XL: |  1  2 |
---------------+-------+-----
Throwing       | 2 |  2.0
Long Blades    | 3 |  3.1
Dodging        | 3 |  3.1
Fighting       | |  2.9
Armour         | |  0.9

Action                   || total
-------------------------++-------
Melee: Long sword        ||   122
       Punch             ||     3
Armor: Leather armour    ||    38
Dodge: Dodged            ||    68

Table legend: (Time is in decaauts)
 A = Elapsed time spent in this place.
 B = Non-inter-level travel time spent in this place.
 C = Inter-level travel time spent in this place.
 D = Time resting spent in this place.
 E = Time spent auto-exploring this place.
 F = Levels seen in this place.
 G = Mean time per level.
                   A        B        C        D        E       F      G
               +--------+--------+--------+--------+--------+-----+--------+
         Total |   2668 |   2619 |     49 |      0 |   2322 |   3 |  889.3 |
       Dungeon |   2668 |   2619 |     49 |      0 |   2322 |   3 |  889.3 |
               +--------+--------+--------+--------+--------+-----+--------+

Top non-repeatable levels by time:
     D:2: 1563 daAuts
     D:1: 959 daAuts
     D:3: 145 daAuts
